 Dungeon Crawl Stone Soup version 0.29.1-15-g9cfb28693d (webtiles) character file.

Game seed: 11596967948119757580

66 croobank the Firebug (level 3, -13/37 HPs)
             Began as a Demonspawn Fire Elementalist on Apr 19, 2023.
             Mangled by Crazy Yiuf
             ... wielding a +3 quarterstaff of chaos
              (20 damage)
             ... on level 2 of the Dungeon.
             The game lasted 00:05:35 (2421 turns).

croobank the Firebug (Demonspawn Fire Elementalist) Turns: 2421, Time: 00:05:36

Health: -13/37     AC:  2    Str:  8    XL:     3   Next: 96%
Magic:  2/6        EV: 12    Int: 18    God:
Gold:   76         SH:  0    Dex: 13    Spells: 0/6 levels left

rFire   . . .      SeeInvis .   c - +0 whip
rCold   . . .      Faith    .   (no shield)
rNeg    . . .      Spirit   .   a - +0 robe
rPois   .          Reflect  .   (helmet currently unavailable)
rElec   .          Harm     .   (no cloak)
rCorr   .          Rampage  .   (no gloves)
Will    .....                   (boots currently unavailable)
Stlth   ..........              (no amulet)
HPRegen 0.12/turn               h - +4 ring of slaying
MPRegen 0.10/turn               (no ring)

@: berserking, appendages (expiring), wereblooded, very quick
A: horns 2, talons 2, demonic touch 2
a: End Transformation


You were on level 2 of the Dungeon.
You had temporarily grown beastly horns and talons.
You visited 1 branch of the dungeon, and saw 2 of its levels.

You collected 76 gold pieces.

Inventory:

Hand Weapons
 b - a +0 sling
 c - a +0 whip (weapon)
 j - a +0 short sword
 o - a +0 dagger of freezing
Missiles
 i - 5 poisoned darts
 l - 4 boomerangs
Armour
 a - a +0 robe (worn)
Jewellery
 h - a +4 ring of slaying (left hand)
Scrolls
 d - 4 scrolls of identify {unknown}
 g - a scroll of enchant armour {unknown}
Potions
 e - 2 potions of degeneration {unknown}
 f - 2 potions of attraction {unknown}
 k - a potion of brilliance {unknown}
 m - a potion of magic
 n - a potion of mutation {unknown}


   Skills:
 + Level 0.8 Fighting
 + Level 2.1 Dodging
 + Level 2.3 Stealth
 + Level 2.3 Spellcasting
 + Level 1.6 Conjurations
 * Level 1.0 Transmutations
 + Level 3.0 Fire Magic


You couldn't memorise any spells.
You knew the following spells:

 Your Spells              Type           Power      Damage    Failure   Level
a - Foxfire               Conj/Fire      40%        2x1d6     7%          1
b - Scorch                Fire           26%        2d6       8%          2
c - Beastly Appendage     Tmut           10%        N/A       12%         1
d - Wereblood             Tmut           5%         N/A       17%         2

Your spell library contained the following spells:

 Spells                   Type           Power      Damage    Failure   Level
 Conjure Flame            Conj/Fire      10%        6-21      21%         3
 Inner Flame              Hex/Fire       7%         N/A       28%         3
 Spider Form              Tmut/Pois      3%         N/A       38%         3
 Flame Wave               Conj/Fire      10%        2d6       54%         4


Dungeon Overview and Level Annotations

Branches:
Dungeon (2/15)

Altars:

Annotations:
D:2 Crazy Yiuf


Innate Abilities, Weirdness & Mutations

You have temporarily grown beastly horns and talons.
Your touch may inflict irresistible damage on your foes.


Message History

You barely miss Robin. You claw Robin! You headbutt Robin.
You touch Robin.
You kill Robin!
Your Transmutations skill increases to level 1!
Your Fire Magic skill increases to level 3!
No target in view!
No target in view!
You howl as the wereblood boils in your veins!
Your horns disappear.
Your talons disappear.
Your primal bloodlust is almost over.
You howl as the wereblood boils in your veins!
Your primal bloodlust has ended.
Found a hammer.
Found a runed translucent door.
Casting: Wereblood (safe; 17% risk of failure)
Confirm with . or Enter, or press ? or * to list all spells.
You miscast Beastly Appendage.
You are very lightly contaminated with residual magic.
Nothing appears to happen.
Casting: Beastly Appendage (safe; 12% risk of failure)
Confirm with . or Enter, or press ? or * to list all spells.
Your blood is infused with primal strength.
Casting: Wereblood (safe; 17% risk of failure)
Confirm with . or Enter, or press ? or * to list all spells.
You grow a pair of large bovine horns.
Your feet morph into talons.
Crazy Yiuf shouts!
Crazy Yiuf says, "Hah foot song!"
You open the door.
Crazy Yiuf drinks a potion.
Crazy Yiuf flickers and vanishes!
Deactivating autopickup; reactivate with Ctrl-A.
Your magical contamination has completely faded away.
Something hits you!
A red film seems to cover your vision as you go berserk!
You feel yourself moving faster!
You feel mighty!
There is an open translucent door, spattered with blood here.
You whack something! Your kick misses something.
Your headbutt misses something. You whack something!
Your kick misses something. Something hits you!
* * * LOW HITPOINT WARNING * * *
You convulse!!
Ouch! That really hurt!
You die...

#.##.#######.
#.##.# ###.
###..#####...
#...........
#####
#########...
#..)# ###.
#...#
###########.
#.{.#
#.#.........
#@#
#.#.#######.
♣♣.♣
#...........
♣.♣♣
#.#.#######.
♣♣.♣ #.#.# #.
♣.♣♣
###.#######.
♣♣.♣♣
#.........
♣...♣♣
####.####.
♣....♣ #.#
##. #....#
##.###..


There were no monsters in sight!

Vanquished Creatures
  Robin (D:2)
  A worm (D:2)
  3 ball pythons
  5 endoplasms
  A giant cockroach (D:1)
  15 goblins
  5 hobgoblins
  3 quokkas (D:1)
  5 bats
  3 frilled lizards
  3 kobolds
  2 rats
47 creatures vanquished.

Vanquished Creatures (others)
  60 foxfires
  A fungus (D:1)
  2 plants (D:1)
63 creatures vanquished.

Grand Total: 110 creatures vanquished

Notes
Turn   | Place    | Note
-------+----------+-------------------------------------------
     0 | D:1      | croobank the Demonspawn Fire Elementalist began the quest
                  | for the Orb.
     0 | D:1      | Reached XP level 1. HP: 13/13 MP: 3/3
   468 | D:1      | Gained mutation: Your touch may inflict minor irresistible
                  | damage on your foes. [demonic ancestry]
   468 | D:1      | Reached XP level 2. HP: 19/19 MP: 3/5
   532 | D:1      | Found a faded altar of an unknown god.
   998 | D:1      | Learned a level 2 spell: Scorch
  1586 | D:2      | Learned a level 1 spell: Beastly Appendage
  1640 | D:2      | Gained mutation: Your touch may inflict irresistible damage
                  | on your foes. [demonic ancestry]
  1640 | D:2      | Reached XP level 3. HP: 24/24 MP: 3/6
  1721 | D:2      | Learned a level 2 spell: Wereblood
  2270 | D:2      | Noticed Robin
  2276 | D:2      | Killed Robin
  2277 | D:2      | Reached skill level 1 in Transmutations
  2277 | D:2      | Reached skill level 3 in Fire Magic
  2411 | D:2      | Found a runed translucent door.
  2415 | D:2      | Noticed Crazy Yiuf
  2421 | D:2      | Mangled by Crazy Yiuf

Illustrated notes

Levels and vault maps discovered:
D:1:      elethiomel_arrival_infinity_welcomes_careful_drivers, layout_basic,
          shapermc_ecumenical_altar_gd
D:2:      minmay_angry_zag, layout_loops_ring, supply_closet_lemuel,
          minmay_misc_feat_ornament, minmay_3d_cube, uniq_robin,
          uniq_crazy_yiuf_cottage

Skill      XL: |  1  2  3 |
---------------+----------+-----
Stealth        | 2 |  2.3
Dodging        | 2 |  2.1
Transmutations | 1 |  1.0
Fire Magic     | 3 |  3.0
Fighting       | |  0.8
Spellcasting   | |  2.3
Conjurations   | |  1.6

Action                   || total
-------------------------++-------
Melee: Unarmed           ||     3
       Whip              ||    52
       Touch             ||     6
       Kick              ||     3
       Headbutt          ||     3
 Cast: Foxfire           ||    35
       Beastly Appendage ||     9
       Wereblood         ||     6
       Scorch            ||     3
Armor: Robe              ||    12
Dodge: Dodged            ||    23
